 Dungeon Crawl Stone Soup version 0.17.0-7-gfadd4cc (webtiles) character file.

169 Vatticson the Ducker (level 5, -5/52 HPs)
             Began as a Troll Fighter on Nov 8, 2015.
             Slain by ShadowRunner's ghost (9 damage)
             ... on level 3 of the Dungeon.
             The game lasted 00:12:38 (1982 turns).

Vatticson the Ducker (Troll Fighter)                Turns: 1982, Time: 00:12:38

Health: -5/52      AC:  5    Str: 30    XL:     5   Next: 25%
Magic:  4/4        EV:  8    Int:  4    God:
Gold:   168        SH:  9    Dex:  9    Spells: 0 memorised, 4 levels left

rFire  . . .     SeeInvis .     a - +0 flail
rCold  . . .     Clarity  .     b - +0 robe
rNeg   . . .     SustAt   .     c - +0 shield
rPois  .         Gourm    +     (helmet restricted)
rElec  .         Spirit   .     (no cloak)
rCorr  .         Warding  .     (gloves unavailable)
rMut   .         Stasis   .     (boots unavailable)
MR     .....                    (no amulet)
Stlth  +.........               (no ring)
                                g - +5 ring of strength

@: drained, not resistant to hostile enchantments, very unstealthy
A: unfitting armour, claws 3, fast metabolism 3, gourmand, regeneration 2,
shaggy fur 1, tough skin 2
a: no special abilities


You were on level 3 of the Dungeon.
You were not hungry.

You visited 1 branch of the dungeon, and saw 3 of its levels.

You collected 168 gold pieces.

Inventory:

Hand Weapons
 a - a +0 flail (weapon)
 t - a +1 dagger of draining
Missiles
 m - a throwing net (quivered)
Armour
 b - a +0 robe (worn)
 c - a +0 shield (worn)
 p - a +0 pair of gloves
Jewellery
 g - a +5 ring of strength (left claw)
 n - an uncursed ring of wizardry {unknown}
Wands
 v - a wand of random effects (20)
Scrolls
 l - 2 scrolls of remove curse
 q - a scroll of amnesia
 r - 2 scrolls of noise {unknown}
 s - 3 scrolls of magic mapping {unknown}
Potions
 d - 2 potions of might
 f - a potion of cure mutation {unknown}
 h - a potion of heal wounds {unknown}
 j - a potion of degeneration {unknown}
 k - 2 potions of lignification {unknown}
 u - 2 potions of cancellation {unknown}
 w - a potion of invisibility {unknown}
 x - a potion of ambrosia {unknown}
Comestibles
 e - 5 bread rations
 i - a meat ration
 o - a beef jerky


   Skills:
 + Level 2.9 Fighting
 * Level 3.0(2.9) Maces & Flails
 - Level 3.3(3.2) Dodging
 - Level 0.4(0.3) Stealth
 + Level 3.1(3.0) Shields


You had 4 spell levels left.
You didn't know any spells.

Dungeon Overview and Level Annotations

Branches:
Dungeon (3/15)

Altars:
Nemelex Xobeh
Xom

Annotations:
D:3 ShadowRunner's ghost, amateur DDFi


Innate Abilities, Weirdness & Mutations

You are too large for most types of armour.
You have claws for hands.
Your metabolism is lightning-fast.
You like to eat raw meat.
You heal very quickly.
You are covered in fur (AC +1).
You have very tough skin (AC +2).


Message History

The ooze hits you but does no damage. ShadowRunner's ghost hits you.
* * * LOW HITPOINT WARNING * * *
You thump ShadowRunner's ghost!
ShadowRunner's ghost is heavily damaged.
You block the ooze's attack.
ShadowRunner's ghost closely misses you.
You sock ShadowRunner's ghost!
ShadowRunner's ghost is heavily damaged.
The ooze barely misses you. ShadowRunner's ghost hits you!
* * * LOW HITPOINT WARNING * * *
x2 Drink which item? (? for menu, Esc to quit)
Okay, then.
Read which item? (? for menu, Esc to quit)
Okay, then.
Drink which item? (? for menu, Esc to quit)
Okay, then.
You hit ShadowRunner's ghost but do no damage.
ShadowRunner's ghost is heavily damaged.
You block the ooze's attack. ShadowRunner's ghost hits you!
You die...

#...#
#...##
..... #...#
#...#
####...#
#......#
#...W..#
#...@.##
#....J#
#.....#
........
...########
.. .


You could see ShadowRunner's ghost and an ooze.

Vanquished Creatures
  Crazy Yiuf (D:3)
  8 adders
  2 oozes (D:2)
  2 worms (D:2)
  A giant gecko (D:1)
  An orc (D:3)
  3 giant cockroaches
  9 hobgoblins
  6 kobolds
  8 bats
  6 giant newts
  6 goblins
  7 rats
  A fungus (D:1)
  A plant (D:1)
62 creatures vanquished.

Notes
Turn   | Place    | Note
--------------------------------------------------------------
     0 | D:1      | Vatticson the Troll Fighter began the quest for the Orb.
     0 | D:1      | Reached XP level 1. HP: 22/22 MP: 0/0
   173 | D:1      | Reached XP level 2. HP: 22/29 MP: 1/1
   434 | D:1      | Reached XP level 3. HP: 27/36 MP: 2/2
   900 | D:2      | Reached skill level 3 in Dodging
  1099 | D:2      | Reached XP level 4. HP: 31/44 MP: 3/3
  1680 | D:3      | Found a shimmering altar of Xom.
  1855 | D:3      | Reached XP level 5. HP: 43/52 MP: 4/4
  1878 | D:3      | Found a sparkling altar of Nemelex Xobeh.
  1925 | D:3      | Noticed Crazy Yiuf
  1972 | D:3      | Killed Crazy Yiuf
  1976 | D:3      | Noticed ShadowRunner's ghost (amateur DDFi)
  1982 | D:3      | Slain by ShadowRunner's ghost

Action                   |  1- 3 |  4- 6 || total
-------------------------+-------+-------++-------
Melee: Flail             |   141 |   127 ||   268
       Unarmed           |       |     1 ||     1
  Use: Scroll            |       |     2 ||     2
 Stab: Sleeping          |       |     1 ||     1
  Eat: Chunk             |     7 |     5 ||    12
       Meat ration       |     1 |       ||     1
